Map: Echo of the past

Players

Tesla - Winner!

  • Race: Protoss Protoss

sai

  • Race: Zerg Zerg

VOD

Have the link to the VOD?

Description

trafficxxx is a zerg player but we still love him :D

Time

  • Played on: Aug. 4, 2016, 3:23 p.m.
  • Length: 6:21
Show
View Real Time Build Order
Export as new Build Order

Tesla Protoss - Winner!

Build Orders:  

Get SALT Encoding   

  12  0:00  Probe (Chrono Boost)  
  13  0:11  Probe (Chrono Boost)  
  14  0:17  Pylon  
  14  0:22  Probe (Chrono Boost)  
  15  0:35  Probe (Chrono Boost)  
  16  0:38  Gateway  
  16  0:43  Assimilator  
  16  0:46  Probe (Chrono Boost)  
  17  0:56  Probe (Chrono Boost)  
  18  1:02  Pylon  
  18  1:07  Probe (Chrono Boost)  
  19  1:17  Probe (Chrono Boost)  
  20  1:28  Probe (Chrono Boost), Cybernetics Core  
  21  1:38  Probe (Chrono Boost)  
  22  1:49  Probe (Chrono Boost)  
  22  1:51  Nexus  
  23  1:58  Warp Gate  
  23  2:00  Probe (Chrono Boost)  
  24  2:02  Assimilator  
  24  2:14  Adept, Mothership Core (Chrono Boost)  
  27  2:38  Adept  
  27  2:42  Probe (Chrono Boost)  
  30  2:55  Probe (Chrono Boost)  
  30  2:58  Gateway  
  31  2:59  Gateway  
  31  3:02  Adept  
  31  3:08  Probe (Chrono Boost), Gateway  
  30  3:26  Adept  
  29  3:31  Probe (Chrono Boost)  
  29  3:32  Probe (Chrono Boost)  
  22  3:42  Probe (Chrono Boost)  
  22  3:45  Probe (Chrono Boost)  
  24  3:55  Pylon  
  25  3:57  Probe (Chrono Boost)  
  25  4:00  Pylon  
  23  4:04  Adept  
  25  4:14  Probe (Chrono Boost)  
  25  4:16  Probe (Chrono Boost)  
  26  4:27  Probe (Chrono Boost)  
  26  4:28  Probe (Chrono Boost)  
  28  4:38  Probe x2 (Chrono Boost)  
  30  4:42  Adept  
  32  4:48  Probe (Chrono Boost)  
  32  4:49  Probe (Chrono Boost)  
  34  4:54  Adept  
  34  4:59  Probe (Chrono Boost)  
  38  5:00  Probe (Chrono Boost)  
  38  5:09  Probe (Chrono Boost), Sentry  
  38  5:10  Probe (Chrono Boost)  
  38  5:11  Sentry  
  42  5:21  Stalker  
  39  5:30  Probe x2 (Chrono Boost)  
  40  5:43  Stalker  
  40  5:45  Stalker  
  40  5:47  Probe (Chrono Boost)  
  40  5:48  Probe (Chrono Boost)  
  46  6:00  Pylon  
  46  6:02  Pylon  
  45  6:04  Probe (Chrono Boost)  
Show
View Real Time Build Order
Export as new Build Order

sai Zerg 

Build Orders: Pool First 

Get SALT Encoding   

  12  0:01  Drone  
  13  0:08  Drone  
  14  0:20  Overlord  
  14  0:34  Spawning Pool  
  13  0:36  Drone  
  13  0:39  Extractor  
  13  0:42  Drone  
  14  0:46  Drone  
  15  0:50  Drone  
  16  1:04  Overlord  
  16  1:21  Zergling x4  
  16  1:22  Queen  
  20  1:30  Zergling x2  
  21  1:51  Metabolic Boost  
  21  1:53  Zergling x4  
  23  2:04  Zergling x2  
  24  2:11  Baneling Nest  
  24  2:15  Zergling x2  
  24  2:28  Zergling x2  
  25  2:36  Zergling x6  
  26  2:47  Zergling x2  
  27  2:57  Zergling x2  
  28  3:06  Zergling x2  
  27  3:25  Zergling x4  
  26  3:42  Zergling x6  
  24  4:04  Overlord  
  24  4:05  Queen  
  24  4:16  Zergling x2  
  27  4:17  Zergling x6  
  27  4:21  Zergling x2  
  29  4:25  Hatchery  
  29  4:31  Zergling x2  
  29  4:47  Baneling x5  
  29  4:48  Baneling  
  29  4:51  Zergling x8  
  33  5:05  Zergling x2  
  28  5:25  Zergling x6  
  31  5:32  Drone  
  30  5:41  Drone x4  
  31  5:59  Drone  
  31  6:00  Drone x2  
Tags
 
Add a new tag
Caveats
  • Supply blocks, unpowered buildings, or Contaminate may cause inaccurate times.
  • Supply counts are checked every 10 seconds.